AoeStats
← O.KIRA

Arabia

507254395Analyzed
1v1 RM · 15d ago on Sep 17, 2026· 46m 46s· 2 players
Game mode
Random Map
Map size
Tiny (2 player)
Population
200
Speed
Normal
Resources
Standard
Victory
Conquest
Starting age
Dark Age
Ending age
Imperial Age
RankedLock teamsTeams togetherTeam positionsShared explorationLock speedFull tech treeHidden civsTurbo modeCheats
Victory
Defeat
🇹🇷 Tatars · Türkiye
971
+15
🇺🇸 Koreans · United States
944
-15
Jalen Pheonix
9:57 Feudal Age
10:32 Double-Bit Axe
11:37 Loom
20:37 Castle Age
18:40 Gold Mining
18:39 Horse Collar
20:56 Stone Mining
22:54 Wheelbarrow
22:53 Elite Skirmisher
24:58 Squires
26:06 Bow Saw
25:59 Fletching
33:43 Bodkin Arrow
35:12 Gold Shaft Mining
O.KIRA
4:25 Loom
5:37 Loom
10:20 Feudal Age
13:50 Double-Bit Axe
15:18 Wheelbarrow
14:28 Horse Collar
15:16 Loom
15:19 Town Watch
15:42 Fletching
15:56 Padded Archer Armor
21:22 Castle Age
22:06 Bodkin Arrow
22:08 Gold Mining
22:38 Bow Saw
22:51 Hand Cart
23:19 Leather Archer Armor
34:21 Ballistics
35:05 Scale Barding Armor
35:44 Heavy Plow
39:54 Imperial Age
38:05 Bloodlines
40:58 Husbandry
41:13 Forging
41:23 Chain Barding Armor
43:14 Iron Casting
43:53 Chemistry
43:13 Heavy Camel Rider
46:06 Plate Barding Armor
46:32 Blast Furnace
Connection lost

Rejoining the realm…

Still unreachable

The connection could not be restored.

Session expired

The server has moved on; the page needs a fresh start.